 Dungeon Crawl Stone Soup version 0.31-a0-986-g5e6e4ef867 (webtiles) character file.

Game seed: 12782182473443453769

114 FakeRyeBread the Ruffian (level 4, -1/45 HPs)
             Began as a Troll Fighter on Nov 10, 2023.
             Succumbed to an orc priest's poison
             ... on level 3 of the Dungeon.
             The game lasted 00:04:00 (1659 turns).

FakeRyeBread the Ruffian (Troll Fighter)            Turns: 1659, Time: 00:04:01

Health: -1/45      AC:  4    Str: 24    XL:     4   Next: 66%
Magic:  3/3        EV:  8    Int:  6    God:
Gold:   148        SH:  8    Dex:  9    Spells: 3/3 levels left

rFire   . .          .
                       - Unarmed
rCold   . . .        b - +0 kite shield
rNeg    . . .        a - +0 robe
rPois   .            (helmet restricted)
rElec   .            (no cloak)
rCorr   .            (gloves unavailable)
SInv    .            (boots unavailable)
Will    .....        (no amulet)
Stlth   +            (no ring)
HPRegen 1.07/turn    (no ring)
MPRegen 0.08/turn

%: no passive effects
@: lethally poisoned (-1 -> -6)
A: large, unfitting armour, claws 3, regeneration 1, shaggy fur 1, tough skin 1
a: no special abilities


You were on level 3 of the Dungeon.
You visited 1 branch of the dungeon, and saw 3 of its levels.

You collected 148 gold pieces.

Inventory:

Missiles
 g - a throwing net
Armour
 a - a +0 robe (worn)
 b - a +0 kite shield (worn)
Wands
 j - a wand of paralysis (13)
Scrolls
 d - 2 scrolls of teleportation
 e - a scroll of enchant armour {unknown}
 f - 2 scrolls of identify {unknown}
 i - 2 scrolls of amnesia {unknown}
Potions
 c - a potion of might
 h - a potion of heal wounds {unknown}


   Skills:
 + Level 3.0 Fighting
 - Level 2.4 Dodging
 + Level 3.3 Shields
 * Level 3.8 Unarmed Combat


You had 3 spell levels left.
You didn't know any spells.
Your spell library contained the following spells:

 Spells                   Type           Power      Damage    Failure   Level
 Freeze                   Ice            0%         1d3       71%         1
 Frozen Ramparts          Ice            0%         1d1       97%         3
 Hailstorm                Conj/Ice       0%         3d3       97%         3


Dungeon Overview and Level Annotations

Branches:
Dungeon (3/15)

Altars:


Innate Abilities, Weirdness & Mutations

You are too large for most types of armour.
You have claws for hands.
Your natural rate of healing is unusually fast.
You are covered in fur. (AC +1)
You have tough skin. (AC +1)


Message History

The orc priest looks braver for a moment.
An endoplasm comes into view.
The endoplasm quivers.
You block the endoplasm's attack.
The orc priest mumbles some strange prayers to Beogh against you.
Beogh smites you!
You claw the endoplasm!
You kill the endoplasm!
An orc comes into view. It is wielding a +0 trident.
You claw the orc!
You kill the orc!
You closely miss the orc priest.
An orc comes into view. It is wielding a +0 club.
The orc shouts!
You scratch the orc priest.
The orc priest is lightly wounded.
You block the orc's attack.
The orc priest mumbles some strange prayers to Beogh against you.
Beogh smites you!
You are too injured to fight recklessly!
You are too injured to fight recklessly!
You are too injured to fight recklessly!
You are too injured to fight recklessly!
You are too injured to fight recklessly!
You barely miss the orc priest.
The orc priest is lightly wounded.
The orc hits you from afar with a +0 trident.
The orc priest hits you with a +0 morningstar of venom!
You are poisoned.
You barely miss the orc priest.
The orc priest is lightly wounded.
* * * LOW HITPOINT WARNING * * *
You feel very sick.
The orc hits you from afar with a +0 trident.
* * * LOW HITPOINT WARNING * * *
The orc priest begins to cast a cantrip, but forgets the words!
* * * LOW HITPOINT WARNING * * *
You feel very sick.
The orc priest casts a cantrip, but nothing happens.
You die...

#...# #...# ##
.####...##.##
#......†.....###.#
................#
........>....###.
####.#####..## #.
#.## #. #@# #.#
#.#####.#
#.....oo#
####.)o....#
#.#####.# #. # .
.#


You could see an orc priest and 2 orcs.

Vanquished Creatures
  4 gnolls (D:2)
  2 adders
  3 worms
  A dart slug (D:2)
  2 orcs
  4 ball pythons
  A bat (D:1)
  5 endoplasms
  2 giant cockroaches
  3 goblins
  3 jackals (D:2)
  A kobold (D:1)
  3 quokkas (D:2)
  4 frilled lizards
  6 rats
44 creatures vanquished.

Notes
Turn   | Place    | Note
-------+----------+-------------------------------------------
     0 | D:1      | FakeRyeBread the Troll Fighter began the quest for the Orb.
     0 | D:1      | Reached XP level 1. HP: 22/22 MP: 0/0
   241 | D:1      | Reached XP level 2. HP: 29/29 MP: 1/1
   562 | D:2      | Found a faded altar of an unknown god.
   775 | D:2      | Reached XP level 3. HP: 36/36 MP: 2/2
  1323 | D:2      | Reached XP level 4. HP: 18/44 MP: 3/3
  1326 | D:2      | HP: 1/45 [gnoll/+0 spear (6)]
  1658 | D:3      | HP: 1/45 [poisoned by an orc priest]
  1659 | D:3      | Succumbed to an orc priest's poison

Illustrated notes

Levels and vault maps discovered:
D:1:      sevenhm_arrival_forest_fort_small_4, layout_basic, item_on_display_a
D:2:      layout_basic, hellmonk_ecumenical_altar_slurped_away, serial_rivers,
          chequers_serial_rivers_micro_c, chequers_serial_rivers_micro_b,
          chequers_serial_rivers_large_b, chequers_serial_rivers_micro_b,
          chequers_serial_rivers_micro_b, chequers_serial_rivers_small_b,
          nicolae_twisty_statue_hallways
D:3:      layout_loops_cross, zin_purify

Skill      XL: |  1  2  3  4 |
---------------+-------------+-----
Shields        | 3 |  3.3
Unarmed Combat | 3 |  3.8
Fighting       | 3 |  3.0
Dodging        | |  2.4

Action                     |  1- 3 |  4- 6 || total
---------------------------+-------+-------++-------
  Melee: Unarmed           |   106 |    39 ||   145
    Use: Scroll            |     1 |       ||     1
   Stab: Sleeping          |     1 |       ||     1
 Armour: Robe              |    76 |    22 ||    98
  Dodge: Dodged            |    41 |     4 ||    45
  Block: Kite shield       |    40 |     9 ||    49

Table legend: (Time is in decaauts)
 A = Elapsed time spent in this place.
 B = Non-inter-level travel time spent in this place.
 C = Inter-level travel time spent in this place.
 D = Time resting spent in this place.
 E = Time spent auto-exploring this place.
 F = Levels seen in this place.
 G = Mean time per level.
                   A        B        C        D        E       F      G
               +--------+--------+--------+--------+--------+-----+--------+
         Total |   1668 |   1579 |     89 |     61 |   1197 |   3 |  556.0 |
       Dungeon |   1668 |   1579 |     89 |     61 |   1197 |   3 |  556.0 |
               +--------+--------+--------+--------+--------+-----+--------+

Top non-repeatable levels by time:
     D:2: 1031 daAuts
     D:1: 468 daAuts
     D:3: 168 daAuts
